Map: Temple gelé

Players

Ukrainian - Winner!

  • Race: Terran Terran
  • League: Gold

pupu

  • Race: Protoss Protoss
  • League: Silver

VOD

Have the link to the VOD?

Description

Time

  • Played on: April 12, 2016, 7:36 a.m.
  • Length: 11:34
Show
View Real Time Build Order
Export as new Build Order

Ukrainian Terran - Winner!

Build Orders: 1/1/1, Liberator Opening 

Get SALT Encoding   

  12  0:01  SCV  
  13  0:13  SCV  
  14  0:19  Supply Depot  
  14  0:25  SCV  
  15  0:35  Refinery  
  15  0:40  SCV  
  16  0:49  Barracks  
  16  0:52  SCV  
  17  1:09  SCV  
  18  1:15  Refinery  
  18  1:21  SCV  
  19  1:36  Orbital Command  
  19  1:39  Factory  
  19  1:40  Marine  
  20  1:49  Supply Depot  
  20  1:58  Marine  
  21  2:10  SCV  
  22  2:15  Marine  
  22  2:16  Engineering Bay  
  23  2:26  Starport  
  23  2:27  Factory Tech Lab  
  23  2:36  Barracks Reactor  
  23  2:38  SCV  
  24  2:51  Missile Turret  
  24  2:55  Siege Tank  
  27  2:58  SCV  
  27  3:04  Supply Depot  
  28  3:08  Liberator  
  28  3:17  SCV  
  29  3:26  Medivac  
  34  3:50  Siege Tank  
  37  3:56  SCV  
  38  4:08  Marine  
  39  4:43  Missile Turret  
  39  5:11  Marine  
  36  6:47  Marine  
  37  6:56  Supply Depot  
  37  7:00  Liberator x2  
  37  7:05  Marine  
  38  7:18  Siege Tank  
  47  7:22  Supply Depot  
  47  7:26  Bunker  
  47  7:29  Marine  
  46  7:31  Command Center  
  43  7:46  Marine  
  44  8:04  Marine  
  42  8:22  Bunker, Marine  
  42  8:24  Medivac x2  
  42  8:26  Siege Tank  
  50  8:40  Marine  
  47  8:54  Command Center  
  47  8:58  Marine  
  48  9:08  Siege Tank  
  51  9:15  Marine  
  46  9:33  Marine  
  47  9:40  Siege Tank  
  48  9:51  Marine  
  49  9:55  SCV  
  50  10:07  SCV  
  50  10:09  Marine  
  52  10:34  Siege Tank  
  52  10:35  Marine  
Show
View Real Time Build Order
Export as new Build Order

pupu Protoss 

Build Orders:  

Get SALT Encoding   

  12  0:01  Probe (Chrono Boost)  
  13  0:11  Probe (Chrono Boost)  
  14  0:18  Pylon  
  14  0:22  Probe (Chrono Boost)  
  15  0:36  Probe (Chrono Boost)  
  15  0:37  Gateway  
  16  0:46  Probe (Chrono Boost)  
  17  0:57  Probe (Chrono Boost)  
  17  1:02  Assimilator  
  18  1:06  Assimilator  
  18  1:08  Probe (Chrono Boost)  
  19  1:14  Pylon  
  19  1:19  Probe (Chrono Boost)  
  20  1:29  Probe (Chrono Boost)  
  21  1:36  Cybernetics Core  
  22  1:40  Probe (Chrono Boost)  
  22  1:50  Probe (Chrono Boost)  
  23  2:02  Probe (Chrono Boost)  
  24  2:13  Probe (Chrono Boost)  
  24  2:15  Twilight Council  
  25  2:19  Warp Gate (Chrono Boost)  
  25  2:24  Adept  
  27  2:31  Nexus  
  27  2:34  Probe  
  28  2:42  Pylon  
  28  2:46  Probe  
  29  2:57  Charge (Chrono Boost)  
  29  3:08  Robotics Facility  
  29  3:12  Probe  
  30  3:31  Gateway x2  
  30  3:35  Probe  
  30  3:38  Pylon  
  31  3:51  Gateway  
  31  3:52  Pylon  
  31  3:59  Warp Prism  
  33  4:03  Probe  
  33  4:05  Probe  
  35  4:14  Probe  
  35  4:17  Probe  
  37  4:24  Probe, Gateway  
  37  4:29  Probe  
  39  4:31  Gateway  
  39  4:35  Probe  
  40  4:45  Stalker  
  42  4:46  Stalker  
  44  4:57  Zealot  
  44  5:09  Pylon  
  44  5:11  Pylon  
  44  5:16  Zealot x3  
  46  5:42  Stalker x4  
  48  6:07  Zealot x4  
  46  6:30  Stalker x4  
  42  6:48  Probe  
  42  6:49  Probe  
  44  6:55  Stalker x4  
  44  6:58  Probe  
  53  7:01  Probe  
  54  7:09  Probe  
  54  7:13  Probe  
  60  7:23  Zealot x3  
  60  7:24  Pylon  
  60  7:25  Probe, Pylon  
  66  7:32  Immortal (Chrono Boost)  
  64  7:47  Stalker x3  
  68  8:12  Probe  
  68  8:13  Probe, Gateway  
  68  8:17  Pylon  
  70  8:20  Pylon  
  70  8:22  Pylon  
  70  8:32  Pylon  
  70  8:34  Pylon  
  70  8:37  Pylon  
  60  8:42  Pylon  
  50  9:10  Zealot  
  50  9:11  Zealot x4  
  50  9:32  Zealot x4  
  50  9:33  Zealot  
  50  9:59  Stalker x4  
  54  10:00  Stalker  
  56  10:19  Stalker x2  
  60  10:27  Probe  
  60  10:29  Probe  
  62  10:52  Nexus  
  62  10:56  Zealot x3  
  64  10:57  Zealot  
Tags
 
Add a new tag
Caveats
  • Supply blocks, unpowered buildings, or Contaminate may cause inaccurate times.
  • Supply counts are checked every 10 seconds.